 Seeded DCSS version 0.25.1-8-g42b30a86e7 (webtiles) character file.

Game seed: 20201210 (custom seed)

146 radhat240 the Skirmisher (level 5, 0/46 HPs)
             Began as a Draconian Fighter on Dec 10, 2020.
             Succumbed to an orc wizard's poison
             ... on level 4 of the Dungeon.
             The game lasted 00:14:12 (2473 turns).

radhat240 the Skirmisher (Draconian Fighter)        Turns: 2473, Time: 00:14:12

Health: 0/46       AC:  6    Str: 19    XL:     5   Next: 7%
Magic:  5/5        EV: 10    Int:  9    God:
Gold:   116        SH: 12    Dex: 10    Spells: 4/4 levels left

rFire    + . .     SeeInvis .   a - +0 war axe
rCold    . . .     Gourm    .   b - +3 kite shield
rNeg     . . .     Faith    .   (armour unavailable)
rPois    .         Spirit   .   (helmet restricted)
rElec    .         Reflect  .   (no cloak)
rCorr    .         Harm     .   (no gloves)
MR       .....                  e - +0 pair of boots
Stlth    +.........             h - amulet of regeneration
HPRegen  0.55/turn              m - ring of protection from fire
MPRegen  0.09/turn              (no ring)

@: lethally poisoned (0 -> -15)
A: unfitting armour, cold-blooded, AC +5
a: no special abilities


You were on level 4 of the Dungeon.
You were hungry.

You visited 1 branch of the dungeon, and saw 4 of its levels.

You collected 116 gold pieces.

Inventory:

Hand Weapons
 a - a +0 war axe (weapon)
Armour
 b - a +3 kite shield (worn)
 e - a +0 pair of boots (worn)
Jewellery
 f - an uncursed amulet of faith {unknown}
 h - an amulet of regeneration (around neck)
 m - a ring of protection from fire (left hand)
Scrolls
 g - 3 scrolls of amnesia
 k - a scroll of immolation
 l - a scroll of remove curse
Potions
 c - a potion of might
 j - a potion of curing
Comestibles
 d - 10 rations
 i - a chunk of flesh


   Skills:
 + Level 4.1 Fighting
 + Level 3.3 Axes
 + Level 3.4 Dodging
 + Level 0.1 Stealth
 + Level 3.8 Shields


You had 4 spell levels left.
You didn't know any spells.
Your spell library was empty.

Dungeon Overview and Level Annotations

Branches:
Dungeon (4/15)
 Temple: D:4-7

Altars:
Dithmenos
Vehumet
Yredelemnul


Innate Abilities, Weirdness & Mutations

Your plain brown scales are hard. (AC +5)
You cannot fit into any form of body armour.
You are cold-blooded and may be slowed by cold attacks.


Message History

You feel very sick.
The orc wizard hits you but does no damage.
You are more poisoned.
You block the orc wizard's attack.
You closely miss the orc wizard.
The orc wizard is moderately wounded.
* * * LOW HITPOINT WARNING * * *
You feel very sick.
The orc wizard points at you and mumbles some strange words.
The puff of frost hits you.
* * * LOW HITPOINT WARNING * * *
You closely miss the orc wizard.
The orc wizard is moderately wounded.
* * * LOW HITPOINT WARNING * * *
You feel very sick. You block the orc wizard's attack.
Unknown command.
You hit the orc wizard.
Your tail-slap misses the orc wizard.
The orc wizard is moderately wounded.
You die...

#.##.# #.##.#######.#
#.#..........#
####......# #..####
..........# #.....
######.#..####...###o#
#.#........>....
#.#..####..o###
#.##....>.)@..#
#.#######.......# #.#
#.#.#.### #.# #.#.#.#
#.. ..#?# . ####.# ##
#.# #..


You could see an orc wizard.

Vanquished Creatures
  An orc wizard (D:3)
  A gnoll (D:1)
  An adder (D:2)
  An ooze (D:2)
  An adder skeleton (D:4)
  2 worms
  3 dart slugs
  A leopard gecko (D:3)
  7 orcs
  3 giant cockroaches
  6 goblins
  14 hobgoblins
  3 jackals (D:2)
  6 bats (D:1)
  3 frilled lizards
  7 kobolds
  8 rats
68 creatures vanquished.

Notes
Turn   | Place    | Note
-------+----------+-------------------------------------------
     0 | D:1      | radhat240 the Draconian Fighter began the quest for the
                  | Orb.
     0 | D:1      | Reached XP level 1. HP: 19/19 MP: 1/1
   231 | D:1      | Reached XP level 2. HP: 25/26 MP: 2/2
   380 | D:1      | Reached XP level 3. HP: 33/33 MP: 3/3
  1076 | D:2      | Reached XP level 4. HP: 40/40 MP: 4/4
  1256 | D:2      | Found a radiant altar of Vehumet.
  1257 | D:2      | Found a basalt altar of Yredelemnul.
  1258 | D:2      | Found a shadowy altar of Dithmenos.
  1769 | D:3      | Reached skill level 4 in Fighting
  2119 | D:3      | Reached XP level 5. HP: 46/46 MP: 5/5
  2473 | D:4      | Succumbed to an orc wizard's poison

Illustrated notes

Levels and vault maps discovered:
D:1:      dpeg_arrival_snail, layout_basic
D:2:      layout_basic, chequers_temple_overflow_statue_of_worship,
          minmay_hedge_maze, minmay_misc_feat_five
D:3:      layout_basic
D:4:      layout_loops_ring, tgw_trog, first_ration, minmay_distorted

Skill      XL: |  1  2  3  4 |
---------------+-------------+-----
Dodging        | 3 |  3.4
Fighting       | 4 |  4.1
Axes           | 3 |  3.3
Stealth        | |  0.1
Shields        | |  3.8

Action                   |  1- 3 |  4- 6 || total
-------------------------+-------+-------++-------
Melee: War axe           |   141 |    93 ||   234
       Tailslap          |    15 |     8 ||    23
  Use: Scroll            |     3 |     5 ||     8
       Potion            |     1 |       ||     1
 Stab: Sleeping          |     1 |       ||     1
  Eat: Chunk             |     1 |     4 ||     5
Armor: Skin              |    48 |    25 ||    73
Dodge: Dodged            |    77 |    42 ||   119
Block: Kite shield       |    82 |    72 ||   154
